AoeStats
← Pave

Arabia

507795867Analyzed
1v1 RM · 11d ago on Sep 19, 2026· 56m 54s· 2 players
Game mode
Random Map
Map size
Tiny (2 player)
Population
200
Speed
Normal
Resources
Standard
Victory
Conquest
Starting age
Dark Age
Ending age
Imperial Age
RankedLock teamsTeams togetherTeam positionsShared explorationLock speedFull tech treeHidden civsTurbo modeCheats
Victory
Defeat
🇬🇧 Malay · United Kingdom
1074
+17
🇸🇪 Hindustanis · Sweden
1100
-17
dDubs
6:41 Loom
9:44 Feudal Age
9:58 Double-Bit Axe
11:16 Man-at-Arms
14:10 Horse Collar
15:07 Arson
17:03 Forging
20:19 Castle Age
18:57 Forging
19:42 Gold Mining
20:32 Bow Saw
19:59 Pikeman
22:17 Squires
25:00 Gold Shaft Mining
24:12 Long Swordsman
30:34 Wheelbarrow
29:45 Town Watch
31:56 Hand Cart
35:50 Imperial Age
33:33 Fletching
34:11 Ballistics
34:35 Stone Mining
35:32 Cavalier
36:33 Scale Barding Armor
37:06 Iron Casting
37:34 Stone Shaft Mining
37:38 Conscription
37:30 Husbandry
38:36 Town Patrol
38:52 Masonry
38:14 Light Cavalry
39:03 Two-Handed Swordsman
39:35 Treadmill Crane
41:13 Forced Levy
42:44 Blast Furnace
41:33 Halberdier
45:30 Bodkin Arrow
48:02 Chemistry
51:06 Elite Battle Elephant
54:45 Bombard Tower
56:19 Heavy Plow
Pave
7:10 Loom
10:30 Feudal Age
11:51 Double-Bit Axe
16:15 Castle Age
16:29 Bloodlines
19:50 Horse Collar
21:09 Bow Saw
23:20 Forging
23:21 Fletching
24:05 Elite Skirmisher
27:54 Wheelbarrow
27:24 Gold Mining
28:29 Heavy Plow
28:49 Stone Mining
30:36 Hand Cart
31:55 Squires
31:41 Arson
35:52 Imperial Age
33:43 Scale Mail Armor
35:18 Iron Casting
36:00 Elite Ghulam
37:53 Two-Man Saw
37:50 Gold Shaft Mining
39:00 Hoardings
38:11 Heavy Camel Rider
39:45 Scale Barding Armor
39:53 Husbandry
40:58 Imperial Camel Rider
42:17 Conscription
44:55 Chain Mail Armor
45:40 Blast Furnace
47:25 Chain Barding Armor
47:18 Thumb Ring
48:57 Plate Barding Armor
50:25 Chemistry
51:47 Ballistics
51:55 Murder Holes
52:10 Masonry
53:37 Pikeman
Connection lost

Rejoining the realm…

Still unreachable

The connection could not be restored.

Session expired

The server has moved on; the page needs a fresh start.